 Dungeon Crawl Stone Soup version 0.30-a0-49-g1cef19eb02 (webtiles) character file.

Game seed: 2064080073616679319

2 scionoferis the Grasshopper (level 1, 0/19 HPs)
             Began as a Naga Warper on Sept 2, 2022.
             Slain by a bat (1 damage)
             ... on level 1 of the Dungeon.
             The game lasted 00:00:26 (32 turns).

scionoferis the Grasshopper (Naga Warper)             Turns: 32, Time: 00:00:27

Health: 0/19       AC:  1    Str: 13    XL:     1   Next: 40%
Magic:  3/3        EV:  9    Int: 13    God:
Gold:   0          SH:  0    Dex: 10    Spells: 4/4 levels left

rFire   . . .      SeeInvis +    a - +0 falchion
rCold   . . .      Faith    .    (no shield)
rNeg    . . .      Spirit   .    b - +0 leather armour
rPois   +          Reflect  .    (no helmet)
rElec   .          Harm     .    (no cloak)
rCorr   .          Rampage  .    (no gloves)
Will    .....                    (no barding)
Stlth   +.........               (no amulet)
HPRegen 0.06/turn                (no ring)
MPRegen 0.08/turn                (no ring)

@: short of breath, very slow
A: AC +0, large, see invisible, deformed body, poison resistance, slowness 2,
spit poison 1, naga tail 1
a: Spit Poison


You were on level 1 of the Dungeon.
You visited 1 branch of the dungeon, and saw 1 of its levels.

Inventory:

Hand Weapons
 a - a +0 falchion (weapon)
Missiles
 d - 7 boomerangs of dispersal (quivered)
Armour
 b - a +0 leather armour (worn)
Scrolls
 c - a scroll of blinking


   Skills:
 + Level 2.0 Fighting
 * Level 2.1 Long Blades
 - Level 0.8 Throwing
 - Level 0.7 Armour
 - Level 1.5 Dodging
 - Level 2.0 Spellcasting
 - Level 3.0 Translocations


You had 4 spell levels left.
You didn't know any spells.
Your spell library contained the following spells:

 Spells                   Type           Power      Damage    Failure   Level
 Blink                    Tloc           18%        N/A       14%         2
 Gell's Gravitas          Tloc           9%         N/A       28%         3
 Lesser Beckoning         Tloc           9%         N/A       28%         3
 Teleport Other           Tloc           9%         N/A       28%         3
 Manifold Assault         Tloc           9%         N/A       95%         5


Dungeon Overview and Level Annotations

Branches:
Dungeon (1/15)

Altars:


Innate Abilities, Weirdness & Mutations

Your serpentine skin is tough. (AC +0)
You have supernaturally acute eyesight. (SInv)
Armour fits poorly on your strangely shaped body.
Your system is resistant to poisons. (rPois)
You cover ground very slowly.
You can spit poison.
You have a snake-like lower body.


Message History

The bat barely misses you.
A goblin comes into view. It is wielding a +0 club.
The goblin shouts!
You hear an angry hiss.
The bat hits you.
A bat comes into view.
The bat hits you but does no damage.
You hit the bat.
You kill the bat!
A ball python comes into view.
A goblin comes into view. It is wielding a +3 dagger.
The goblin shouts!
You hit the ball python.
You kill the ball python!
The bat barely misses you.
You hit the goblin but do no damage. The bat barely misses you.
A rat comes into view.
The goblin barely misses you.
You closely miss the goblin. The bat hits you. The goblin barely misses you.
You barely miss the goblin. The bat barely misses you.
The goblin barely misses you. The bat hits you but does no damage.
Aiming: Spit Poison (3% risk of failure)
Press: ? - help, Shift-Dir - straight line, f - goblin
Aim: a goblin, wielding a +3 dagger (43% to hit)
The splash of poison hits the goblin.
The goblin is poisoned.
The goblin is severely wounded.
The bat hits you. The goblin hits you with a +0 club.
Unknown command.
You hit the goblin.
You kill the goblin!
The bat hits you. The goblin hits you with a +3 dagger.
You barely miss the goblin. The bat hits you.
* * * LOW HITPOINT WARNING * * *
The goblin hits you with a +3 dagger.
* * * LOW HITPOINT WARNING * * *
Unknown command.
You slash the goblin!
You kill the goblin!
The bat hits you.
You die...

≈≈.≈≈§.<.≈≈≈.≈≈≈.#.#
.≈...≈.....≈...≈.#.#
.≈≈≈.§.≈≈≈.≈.#.≈.#.#
...≈§§.≈...≈.#.§§≈.#
##.≈§≈≈≈.§≈§.#...≈.#
....§§...≈...#.#.≈.#
######.§§§.#.#.#.≈.#
..≈.§.#.#.#.≈.#
≈.###.#.#@b.#
#.#)≈.### ###r≈..[#
#..##.... ##.......
....... .......
....... .......


You could see a bat and a rat.

Vanquished Creatures
  2 goblins (D:1)
  A ball python (D:1)
  A bat (D:1)
4 creatures vanquished.

Notes
Turn   | Place    | Note
-------+----------+-------------------------------------------
     0 | D:1      | scionoferis the Naga Warper began the quest for the Orb.
     0 | D:1      | Reached XP level 1. HP: 19/19 MP: 3/3
    32 | D:1      | Slain by a bat

Illustrated notes

Levels and vault maps discovered:
D:1:      psy_arrival_radial02, layout_basic, serial_shops,
          nicolae_shop_behind_doors, dreamdust_wishing_well,
          hangedman_decor_clover_reticule

Action                   || total
-------------------------++-------
Melee: Falchion          ||     9
 Abil: Spit Poison       ||     1
Armor: Leather armour    ||     2
Dodge: Dodged            ||    10

Table legend: (Time is in decaauts)
 A = Elapsed time spent in this place.
 B = Non-inter-level travel time spent in this place.
 C = Inter-level travel time spent in this place.
 D = Time resting spent in this place.
 E = Time spent auto-exploring this place.
 F = Levels seen in this place.
 G = Mean time per level.
                   A        B        C        D        E       F      G
               +--------+--------+--------+--------+--------+-----+--------+
         Total |     42 |     42 |      0 |      0 |     19 |   1 |   42.0 |
       Dungeon |     42 |     42 |      0 |      0 |     19 |   1 |   42.0 |
               +--------+--------+--------+--------+--------+-----+--------+

Top non-repeatable levels by time:
     D:1: 42 daAuts
